 Dungeon Crawl Stone Soup version 0.20.1-1-g8b1a95d (webtiles) character file.

753 VodaMotkuTOUR the Magician (level 7, -3/46 HPs)
             Began as a Mummy Necromancer on July 20, 2017.
             Killed from afar by an orc wizard (11 damage)
             ... with a magic dart
             ... on level 5 of the Dungeon.
             The game lasted 00:24:14 (4337 turns).

VodaMotkuTOUR the Magician (Mummy Necromancer)      Turns: 4337, Time: 00:24:15

Health: -3/46      AC:  2    Str: 12    XL:     7   Next: 49%
Magic:  17/17      EV: 12    Int: 16    God:
Gold:   424        SH:  0    Dex: 12    Spells: 11/20 levels left

rFire    x . .     SeeInvis .   p - +4 short sword
rCold    + . .     Gourm    .   (no shield)
rNeg     + + +     Faith    .   a - +0 robe
rPois    ∞         Spirit   .   (no helmet)
rElec    .         Reflect  .   (no cloak)
rCorr    .         Harm     .   (no gloves)
MR       .....                  (no boots)
Stlth    ++........             (no amulet)
Regen    0.2/turn               (no ring)
MPRegen  0.2/turn               (no ring)

@: no status effects
A: no food or potions, fire vulnerability, cold resistance 1, negative energy
resistance 3, torment resistance, unbreathing
a: no special abilities


You were on level 5 of the Dungeon.
You were not hungry.

You visited 1 branch of the dungeon, and saw 5 of its levels.
You also visited: Sewer and Ossuary.

You collected 424 gold pieces.

Inventory:

Hand Weapons
 d - a +0 spear
 g - a +0 short sword
 h - a +0 hunting sling
 p - a +4 short sword (weapon)
 r - a +0 longbow
 s - a +0 trident
Missiles
 c - 87 stones (quivered)
Armour
 a - a +0 robe (worn)
 o - a +0 buckler
Scrolls
 e - a scroll of identify
 f - 2 scrolls of amnesia
 i - a scroll of teleportation
 j - 3 scrolls of recharging
 k - 2 scrolls of blinking
 l - 2 scrolls of remove curse
 m - 2 scrolls of enchant weapon
 n - a scroll of immolation
 q - a scroll of enchant armour
Books
 b - a book of Necromancy

   Spells                             Type                      Level
   a - Pain                           Necromancy                   1
   b - Animate Skeleton               Necromancy                   1
   c - Vampiric Draining              Necromancy                   3
   d - Regeneration                   Charms/Necromancy            3
   e - Animate Dead                   Necromancy                   4
   f - Control Undead                 Necromancy                   4


   Skills:
 - Level 1.5 Dodging
 - Level 2.0 Stealth
 + Level 7.4 Spellcasting
 + Level 7.1 Necromancy


You had 11 spell levels left.
You knew the following spells:

 Your Spells              Type           Power        Failure   Level  Hunger
a - Vampiric Draining     Necr           ####......   1%          3    N/A
b - Animate Skeleton      Necr           N/A          1%          1    N/A
c - Control Undead        Necr           ####......   6%          4    N/A
f - Pain                  Necr           ####         1%          1    N/A

Dungeon Overview and Level Annotations

Branches:
Dungeon (5/15)
 Temple: D:4-7

Altars:

Annotations:
D:4 exclusion: ogre


Innate Abilities, Weirdness & Mutations

You do not eat or drink.
Your flesh is vulnerable to fire.
You are immune to poison.
Your flesh is cold resistant. (rC+)
You are immune to negative energy. (rN+++)
You are immune to unholy pain and torment.
You can survive without breathing.


Message History

Something hits you but does no damage. Something hits you but does no damage.
Something hits you.
You miss something. Something hits you. Something hits you but does no damage.
You miss something.
You hear some strange, mumbled words.
A puff of frost appears from out of thin air!
The puff of frost hits you! You resist.
You barely miss something. Something hits you.
* * * LOW HITPOINT WARNING * * *
Something hits you.
* * * LOW HITPOINT WARNING * * *
You miss something. Something hits you.
* * * LOW HITPOINT WARNING * * *
Something hits you but does no damage.
You miss something.
You hear some strange, mumbled words.
A magic dart appears from out of thin air!
The magic dart hits you!
You die...

.....####..#.# #.....
....#.# ....# #...#.#
#...# #...#.####.
#...# #...#.#$...
#####...# #...#.#.##
#....<..# #...+....#
#.####..###...#.#..#
#...@...#.......#....
#######...##.####....
##..##.# #####
#..##.# ......#
#.#....# +......#
#.##...# .. ....#


There were no monsters in sight!

Vanquished Creatures
  A phantom (D:4)
  A big kobold (Sewer)
  2 scorpions (D:4)
  A howler monkey (D:4)
  A bullfrog skeleton (D:5)
  An orc priest (D:4)
  An iguana (D:3)
  3 worker ants (D:4)
  A big kobold zombie (Ossuary)
  A hound skeleton (D:4)
  5 mummies (Ossuary)
  4 river rats
  5 adders
  A shadow imp (D:5)
  An adder zombie (D:4)
  An adder skeleton (D:4)
  5 worms
  2 dart slugs (D:1)
  A leopard gecko (D:3)
  4 orcs (D:4)
  3 ball pythons
  4 bats
  5 giant cockroaches
  5 goblins
  7 hobgoblins
  3 jackals
  2 quokkas (D:3)
  5 frilled lizards
  A gnoll zombie (Ossuary)
  A hobgoblin zombie (Ossuary)
  7 kobolds
  2 orc zombies (Ossuary)
  8 rats
95 creatures vanquished.

Vanquished Creatures (collateral kills)
  3 mummies (Ossuary)
  2 adders
  A river rat (D:4)
  A gnoll zombie (Ossuary)
  2 bats
  A kobold (D:2)
  2 kobold zombies (Ossuary)
12 creatures vanquished.

Grand Total: 107 creatures vanquished

Notes
Turn   | Place    | Note
-------+----------+-------------------------------------------
     0 | D:1      | VodaMotkuTOUR the Mummy Necromancer began the quest for the Orb.
     0 | D:1      | Reached XP level 1. HP: 13/13 MP: 4/4
     2 | D:1      | Learned a level 1 spell: Animate Skeleton
   144 | D:1      | Reached XP level 2. HP: 17/19 MP: 0/5
   789 | D:1      | Reached XP level 3. HP: 20/24 MP: 7/7
  1042 | D:2      | Reached XP level 4. HP: 27/30 MP: 0/9
  1467 | D:3      | Reached skill level 5 in Necromancy
  1764 | D:3      | Learned a level 3 spell: Vampiric Draining
  2435 | D:4      | Noticed an ogre
  2461 | D:4      | Reached XP level 5. HP: 21/35 MP: 6/12
  2468 | D:4      | Learned a level 4 spell: Control Undead
  2480 | D:4      | Noticed a phantom
  2509 | D:4      | Found a sand-covered staircase.
  2544 | Ossuary  | Entered an ossuary
  2603 | Ossuary  | Reached skill level 5 in Spellcasting
  2666 | Ossuary  | Reached XP level 6. HP: 35/41 MP: 12/14
  2982 | D:4      | Found a glowing drain.
  3020 | Sewer    | Entered a sewer
  3366 | Sewer    | Found a white marble altar of Elyvilon.
  3719 | D:4      | Reached XP level 7. HP: 46/46 MP: 14/17
  4285 | D:5      | Entered Level 5 of the Dungeon
  4337 | D:5      | Killed from afar by an orc wizard

Skill      XL: |  1  2  3  4  5  6  7 |
---------------+----------------------+-----
Stealth        | 2 |  2.0
Spellcasting   | 3 4 5 6 7 |  7.4
Necromancy     | 5 6 7 |  7.1
Dodging        | |  1.5

Action                   |  1- 3 |  4- 6 |  7- 9 || total
-------------------------+-------+-------+-------++-------
Melee: Spear             |    57 |       |       ||    57
       Short sword       |     3 |    79 |    36 ||   118
       Trident           |       |       |     9 ||     9
 Fire: Hunting sling     |     9 |    67 |     9 ||    85
Throw: Stone             |    10 |       |       ||    10
 Cast: Pain              |    33 |    61 |    14 ||   108
       Animate Skeleton  |     6 |    19 |     1 ||    26
       Vampiric Draining |       |    11 |     2 ||    13
       Control Undead    |       |     2 |       ||     2
  Use: Scroll            |       |     9 |       ||     9
 Stab: Sleeping          |     2 |     5 |       ||     7
       Distracted        |     1 |     2 |       ||     3
Armor: Robe              |     5 |    18 |     6 ||    29
Dodge: Dodged            |    29 |    63 |    19 ||   111
